 Dungeon Crawl Stone Soup version 0.27-a0-1135-g81dfa19a63 (webtiles) character file.

Game seed: 14424077956877727159

30 DarkShadow the Shield-Bearer (level 3, 0/33 HPs)
             Began as a Minotaur Fighter on May 4, 2021.
             Killed by divine providence
             ... invoked by a smoke demon
              (14 damage)
             ... on level 1 of the Abyss.
             The game lasted 00:03:49 (900 turns).

DarkShadow the Shield-Bearer (Minotaur Fighter)      Turns: 900, Time: 00:03:50

Health: 0/33       AC:  7    Str: 21    XL:     3   Next: 3%
Magic:  2/2        EV:  7    Int:  5    God:
Gold:   65         SH:  9    Dex:  9    Spells: 2/2 levels left

rFire    . . .     SeeInvis .   a - +0 long sword
rCold    . . .     Faith    .   c - +0 kite shield
rNeg     . . .     Spirit   .   b - +0 scale mail
rPois    .         Reflect  .   (helmet restricted)
rElec    .         Harm     .   (no cloak)
rCorr    .         Rampage  .   (no gloves)
Will     .....                  (no boots)
Stlth    ..........             (no amulet)
HPRegen  0.11/turn              (no ring)
MPRegen  0.08/turn              (no ring)

@: no status effects
A: horns 2, retaliatory headbutt
a: no special abilities


You were on level 1 of the Abyss.
You visited 1 branch of the dungeon, and saw 1 of its levels.
You visited the Abyss 1 time.

You collected 65 gold pieces.

Inventory:

Hand Weapons
 a - a +0 long sword (weapon)
Armour
 b - a +0 scale mail (worn)
 c - a +0 kite shield (worn)
Jewellery
 f - a ring of ice
Scrolls
 e - a scroll of teleportation {unknown}
 j - 2 scrolls of enchant weapon {unknown}
 k - a scroll of identify {unknown}
Potions
 d - a potion of might
 g - a potion of degeneration {unknown}
 h - a potion of invisibility {unknown}
 i - a potion of curing {unknown}
 l - 3 potions of lignification {unknown}


   Skills:
 + Level 4.0 Fighting
 + Level 2.9 Long Blades
 + Level 4.0 Armour
 + Level 4.1 Shields


You had 2 spell levels left.
You didn't know any spells.
Your spell library was empty.

Dungeon Overview and Level Annotations

Branches:
Dungeon (1/15)

Altars:


Innate Abilities, Weirdness & Mutations

You have a pair of horns on your head.
You reflexively headbutt those who attack you in melee.


Message History

You see here 17 arrows.
You now have 65 gold pieces (gained 13).
A frilled lizard comes into view.
The frilled lizard bites you but does no damage.
Your scale mail prevents you from hitting the frilled lizard.
The frilled lizard bites you but does no damage.
You block the frilled lizard's attack.
Your scale mail prevents you from hitting the frilled lizard.
You headbutt the frilled lizard.
You kill the frilled lizard!
No target in view!
No target in view!
No target in view!
No target in view!
No target in view!
Unknown command.
You enter the shallow water.
Moving in this stuff is going to be slow.
You enter the shallow water.
Moving in this stuff is going to be slow.
A kobold comes into view. It is wielding a +2 whip of distortion.
The kobold hits you but does no damage.
You are cast into the Abyss!
To return, you must find a gate leading back.
Killing monsters will force the Abyss to allow you passage.
This branch contains the abyssal rune of Zot.
Found 2 viscous pink potions.
l - 3 viscous pink potions (gained 2)
Found 12 gold pieces.
Found 24 gold pieces.
Found 21 gold pieces.
A smoke demon comes into view.
The smoke demon gestures at you. Something smites you!
The smoke demon gestures at you. Something smites you!
An apocalypse crab comes into view.
The smoke demon gestures at you. Something smites you!
You die...

.. .# .##... .
#....##..#.. #.
#.#..$##.... .. ..##
#.. #.. . .#....#..#.
#.. . ...#......#..#.#
### .........##..# .
###..#.#.##.. ...# #.
#...#@.......#. ...# .
####..#..#..##.#...##.
#.....3###.... #.#####
#..#.#...##.#.....#
...###...#t.#..#.##...#
.. #............#$.. .
. #
############t#######.


You could see an apocalypse crab and a smoke demon.

Vanquished Creatures
  A dart slug (D:1)
  4 endoplasms (D:1)
  2 giant cockroaches (D:1)
  4 hobgoblins (D:1)
  3 jackals (D:1)
  A ball python (D:1)
  A bat (D:1)
  3 frilled lizards (D:1)
  2 goblins (D:1)
  2 kobolds (D:1)
  3 rats (D:1)
26 creatures vanquished.

Vanquished Creatures (others)
  A plant (D:1)
1 creature vanquished.

Grand Total: 27 creatures vanquished

Notes
Turn   | Place    | Note
-------+----------+-------------------------------------------
     0 | D:1      | DarkShadow the Minotaur Fighter began the quest for the
                  | Orb.
     0 | D:1      | Reached XP level 1. HP: 19/19 MP: 0/0
   235 | D:1      | Reached XP level 2. HP: 27/27 MP: 1/1
   716 | D:1      | Reached XP level 3. HP: 33/33 MP: 2/2
   837 | D:1      | Cast into level 1 of the Abyss (kobold)
   887 | Abyss:1  | Noticed a smoke demon
   894 | Abyss:1  | Noticed an apocalypse crab
   900 | Abyss:1  | Killed from afar by a smoke demon

Illustrated notes

Levels and vault maps discovered:
D:1:      ncdulo_watergridlock, layout_loops_cross, serial_bayou_lagoon_a
Abyss:1:  base:
Temple

Skill      XL: |  1  2 |
---------------+-------+-----
Shields        | 4 |  4.1
Fighting       | 4 |  4.0
Armour         | 4 |  4.0
Long Blades    | |  2.9

Action                   || total
-------------------------++-------
Melee: Long sword        ||    54
       Headbutt          ||     5
Armor: Scale mail        ||    25
Dodge: Dodged            ||    22
Block: Kite shield       ||    30
       Rpst.: Long sword ||     4

Table legend: (Time is in decaauts)
 A = Elapsed time spent in this place.
 B = Non-inter-level travel time spent in this place.
 C = Inter-level travel time spent in this place.
 D = Time resting spent in this place.
 E = Time spent auto-exploring this place.
 F = Levels seen in this place.
 G = Mean time per level.
                   A        B        C        D        E       F      G
               +--------+--------+--------+--------+--------+-----+--------+
         Total |    939 |    939 |      0 |      0 |    728 |   2 |  469.5 |
       Dungeon |    876 |    876 |      0 |      0 |    728 |   1 |  876.0 |
         Abyss |     62 |     62 |      0 |      0 |      0 |   1 |   62.0 |
               +--------+--------+--------+--------+--------+-----+--------+

Top non-repeatable levels by time:
     D:1: 876 daAuts
 Abyss:1: 62 daAuts
